 Dungeon Crawl Stone Soup version 0.26.1-11-gd32895ea62 (webtiles) character file.

Game seed: 8109358654064260620

28140 Crownlay the Frost Mage (level 13, -6/98 HPs)
             Began as a Gnoll Ice Elementalist on July 22, 2021.
             Was a Believer of Uskayaw.
             Mangled by a ghoul (20 damage)
             ... on level 13 of the Dungeon.
             The game lasted 00:52:52 (19747 turns).

Crownlay the Frost Mage (Gnoll Ice Elementalist)   Turns: 19747, Time: 00:52:53

Health: -6/98      AC: 24    Str: 15    XL:     13   Next: 36%
Magic:  17/26      EV: 19    Int: 23    God:    Uskayaw [**....]
Gold:   806        SH:  0    Dex: 17    Spells: 15/31 levels left

rFire    + + .     SeeInvis +   w - +9 dagger of Resourcefulness {freeze, +Blink rF+}
rCold    . . .     Faith    +   (no shield)
rNeg     . . .     Spirit   .   f - +5 steam dragon scales
rPois    +         Reflect  .   c - +0 helmet
rElec    .         Harm     .   (no cloak)
rCorr    .         Rampage  .   X - +1 pair of gloves "Etzecerch" {Str+4}
Will     .....                  (no boots)
Stlth    +++++.....             R - amulet of faith
HPRegen  0.26/turn              e - ring of protection from fire
MPRegen  0.20/turn              y - ring of see invisible

@: icy armour, frozen ramparts
A: distributed training, fangs 1, thin skeletal structure 1, mutation resistance
1, poison resistance, MP-powered wands, strong nose
a: Renounce Religion, Evoke Blink, Stomp, Line Pass


You were on level 13 of the Dungeon.
You worshipped Uskayaw.
Uskayaw was aware of your devotion.
You visited 2 branches of the dungeon, and saw 14 of its levels.
You also visited: Sewer.

You collected 871 gold pieces.
You spent 65 gold pieces at shops.

Inventory:

Hand Weapons
 n - a +4 trident
 w - the +9 dagger of Resourcefulness (weapon) {freeze, +Blink rF+}
   (You found it on level 12 of the Dungeon)

   It has been specially enchanted to freeze those struck by it, causing extra
   injury to most foes and up to half again as much damage against particularly
   susceptible opponents.
   It can also slow down cold-blooded creatures.
   It protects you from fire.
   It lets you blink.
Missiles
 m - 8 javelins (quivered)
 s - 36 poisoned darts
 L - 18 boomerangs
 U - an atropa-tipped dart
Armour
 c - a +0 helmet (worn)
 f - +5 steam dragon scales (worn)
 M - a +0 pair of gloves
 S - the +2 robe of Trial and Error {Rampage rF+ Dex-5 Slay+3}
   (You found it on level 9 of the Dungeon)

   It affects your dexterity (-5).
   It affects your accuracy and damage with ranged weapons and melee attacks
   (+3).
   It protects you from fire.
   It bestows one free step when moving towards enemies.
 X - the +1 pair of gloves "Etzecerch" (worn) {Str+4}
   (You found it on level 12 of the Dungeon)

   It affects your strength (+4).
Jewellery
 e - a ring of protection from fire (left hand)
 y - a ring of see invisible (right hand)
 J - an uncursed ring of flight {unknown}
 Q - an uncursed ring of protection from fire
 R - an amulet of faith (around neck)
 T - an uncursed ring of fire {unknown}
Wands
 t - a wand of paralysis (14)
 F - a wand of random effects (24)
 G - a wand of polymorph (10)
 K - a wand of flame (15)
 N - a wand of acid (10)
 O - a wand of enslavement (20)
 W - a wand of iceblast (6)
Scrolls
 d - 7 scrolls of remove curse
 h - 7 scrolls of teleportation
 l - 5 scrolls of blinking
 o - a scroll of fog
 p - a scroll of immolation
 u - a scroll of holy word
 A - 5 scrolls of magic mapping
 D - a scroll of random uselessness
 E - 5 scrolls of enchant weapon
 P - 2 scrolls of amnesia
 V - a scroll of silence
Potions
 b - 5 potions of curing
 g - 4 potions of haste
 i - 3 potions of might
 j - 2 potions of lignification
 z - 3 potions of flight
 B - 4 potions of ambrosia
 C - 3 potions of brilliance {unknown}
 H - a potion of heal wounds


   Skills:
 + Level 8.2 Fighting
 + Level 8.2 Short Blades
 + Level 8.2 Long Blades
 + Level 8.2 Axes
 + Level 8.2 Maces & Flails
 + Level 8.2 Polearms
 + Level 8.2 Staves
 + Level 8.2 Slings
 + Level 8.2 Bows
 + Level 8.2 Crossbows
 + Level 8.2 Throwing
 + Level 8.2 Armour
 + Level 9.4 Dodging
 + Level 9.3 Stealth
 + Level 8.2 Shields
 + Level 8.2 Unarmed Combat
 + Level 9.6 Spellcasting
 + Level 6.8 Conjurations
 + Level 6.8 Hexes
 + Level 6.8 Summonings
 + Level 6.8 Necromancy
 + Level 6.8 Translocations
 + Level 6.8 Transmutations
 + Level 6.8 Fire Magic
 + Level 9.9 Ice Magic
 + Level 6.8 Air Magic
 + Level 6.8 Earth Magic
 + Level 6.8 Poison Magic
 + Level 9.0 Invocations
 + Level 8.2 Evocations


You had 15 spell levels left.
You knew the following spells:

 Your Spells              Type           Power        Failure   Level
a - Freeze                Ice            100%         1%          1
b - Frozen Ramparts       Ice            100%         1%          3
c - Ozocubu's Armour      Ice            54%          1%          3
d - Summon Ice Beast      Ice/Summ       49%          1%          4
e - Bolt of Magma         Conj/Fire/Erth 21%          10%         5

Your spell library contained the following spells:

 Spells                   Type           Power        Failure   Level
 Animate Skeleton         Necr           84%          1%          1
 Pain                     Necr           100%         1%          1
 Vampiric Draining        Necr           21%          1%          3
 Hailstorm                Conj/Ice       49%          1%          4
 Animate Dead             Necr           21%          3%          4
 Agony                    Necr           42%          10%         5
 Iskenderun's Battlesphe  Conj           42%          10%         5
 Iron Shot                Conj/Erth      21%          47%         6
 Orb of Destruction       Conj           21%          96%         7
 Spellforged Servitor     Conj/Summ      21%          96%         7


Dungeon Overview and Level Annotations

Branches:
Dungeon (13/15)            Temple (1/1) D:4            Lair (0/6) D:10
    Orc (0/2) D:9           Sewer (visited)
 Vaults: D:13-14

Altars:
Ashenzari
Cheibriados
Dithmenos
Elyvilon
Gozag
Hepliaklqana
Kikubaaqudgha
Nemelex Xobeh
Okawaru
Qazlal
Ru
Sif Muna
Trog
Uskayaw
Vehumet
Wu Jian
Xom
Yredelemnul
Zin
Jiyva

Shops:
D:8 *   D:9 !


Innate Abilities, Weirdness & Mutations

Your experience applies equally to all skills.
You have very sharp teeth.
Your uncanny sense of smell can sniff out nearby items.
You have a somewhat thin skeletal structure. (Dex +2, Stealth)
You are somewhat resistant to further mutation.
Your system is resistant to poisons. (rPois)
You expend magic power (3 MP) to strengthen your wands.


Message History

The ghoul claws you!
You hit the ghoul.
The ghoul is lightly damaged.
You hit the ghoul. You freeze the ghoul.
The ghoul is lightly damaged.
The ghoul resists.
The wall freezes the ghoul.
The ghoul claws you!
* * * LOW HITPOINT WARNING * * *
The ghoul claws you but does no damage.
You can now pass through a line of other dancers.
You hit the ghoul. You freeze the ghoul.
The ghoul is moderately damaged.
The ghoul resists.
The wall freezes the ghoul.
The ghoul closely misses you. The ghoul claws you.
* * * LOW HITPOINT WARNING * * *
You hit the ghoul. You freeze the ghoul.
The ghoul is moderately damaged.
You hit the ghoul but do no damage.
The ghoul is moderately damaged.
The ghoul resists.
The wall freezes the ghoul.
The ghoul claws you!!
You die...

..........(..## #
#..........(.# .
#.#..........#.#...
#.#................
........<......#.#
.#.....(........#. .
B.#†..((...#......
..z ##())()n##...##.
..PP.##()###@.......
§.≈≈..)(###..##.###.
≈≈≈≈..####....
≈≈≈≈.. #..>#. ≈..(.
....... ..... .....#
#. .... ....... ..
.... ...?...≈ ..


You could see a ghoul.

Vanquished Creatures
  A ghoul (D:13)
  2 boulder beetles
  The ghost of sixsigma the Covert, a journeyman GnCj of Sif Muna (D:11)
  A hydra (D:10)
  2 centaur warriors
  4 two-headed ogres
  6 skeletal warriors
  2 unseen horrors (D:12)
  A cyclops (D:12)
  2 ugly things
  2 manticores
  The ghost of Borgoz the Skirmisher, a novice GrBe of Trog (D:7)
  Joseph (D:8)
  Maggie (D:6)
  4 trolls
  A hornet (D:10)
  Grinder (D:6)
  6 slime creatures
  Sigmund (D:4)
  A wyvern (D:8)
  Eustachio (D:6)
  11 yaks
  A water moccasin (Sewer)
  Duvessa (D:6)
  2 ice beasts
  3 black bears
  A hornet zombie (D:13)
  6 orc warriors
  6 sky beasts
  A phantom (D:10)
  7 ogres
  12 centaurs
  6 bullfrogs
  2 big kobolds (D:10)
  Dowan (D:6)
  2 wyvern skeletons
  3 scorpions
  31 killer bees
  11 wights (D:11)
  4 howler monkeys
  A bullfrog zombie (D:12)
  2 centaur zombies
  2 centaur skeletons
  6 hounds
  10 jellies
  6 bullfrog skeletons
  5 orc priests
  10 orc wizards
  3 iguanas
  13 worker ants
  A hound zombie (D:8)
  A mummy (D:13)
  A howler monkey zombie (D:5)
  2 worker ant zombies
  15 adders
  A shadow imp (D:8)
  A white imp (D:7)
  3 ufetubi
  2 oozes (D:2)
  3 worms
  3 dart slugs
  5 leopard geckos
  46 orcs
  2 ball pythons
  9 giant cockroaches
  9 goblins
  7 hobgoblins
  12 jackals
  5 quokkas
  A ball python skeleton (D:4)
  12 bats
  8 frilled lizards
  15 kobolds
  A leopard gecko skeleton (D:5)
  A quokka skeleton (D:8)
  4 rats
381 creatures vanquished.

Vanquished Creatures (collateral kills)
  A statue (D:9)
1 creature vanquished.

Vanquished Creatures (others)
  15 fungi (D:10)
  10 plants (D:10)
  2 withered plants (D:13)
27 creatures vanquished.

Grand Total: 409 creatures vanquished

Notes
Turn   | Place    | Note
-------+----------+-------------------------------------------
     0 | D:1      | Crownlay the Gnoll Ice Elementalist began the quest for the
                  | Orb.
     0 | D:1      | Reached XP level 1. HP: 13/13 MP: 6/6
   317 | D:1      | Reached XP level 2. HP: 19/19 MP: 7/7
  1248 | D:2      | Reached XP level 3. HP: 14/25 MP: 5/9
  1251 | D:2      | Reached skill level 5 in Spellcasting
  1256 | D:2      | Learned a level 3 spell: Frozen Ramparts
  1260 | D:2      | Learned a level 3 spell: Ozocubu's Armour
  1600 | D:2      | Reached skill level 1 in Invocations
  1636 | D:2      | Reached skill level 1 in Fighting
  1636 | D:2      | Reached skill level 1 in Short Blades
  1636 | D:2      | Reached skill level 1 in Long Blades
  1636 | D:2      | Reached skill level 1 in Axes
  1636 | D:2      | Reached skill level 1 in Maces & Flails
  1636 | D:2      | Reached skill level 1 in Polearms
  1636 | D:2      | Reached skill level 1 in Staves
  1636 | D:2      | Reached skill level 1 in Slings
  1636 | D:2      | Reached skill level 1 in Bows
  1636 | D:2      | Reached skill level 1 in Crossbows
  1636 | D:2      | Reached skill level 1 in Throwing
  1636 | D:2      | Reached skill level 1 in Armour
  1636 | D:2      | Reached skill level 1 in Shields
  1636 | D:2      | Reached skill level 1 in Unarmed Combat
  1636 | D:2      | Reached skill level 1 in Evocations
  1905 | D:2      | Found a faded altar of an unknown god.
  1964 | D:2      | Reached XP level 4. HP: 15/32 MP: 9/11
  2340 | D:2      | Learned a level 4 spell: Summon Ice Beast
  2466 | D:2      | Found an ornate altar of the Wu Jian Council.
  2475 | D:2      | Found a shadowy altar of Dithmenos.
  2478 | D:2      | Found a sparkling altar of Nemelex Xobeh.
  2484 | D:2      | Found a basalt altar of Yredelemnul.
  2484 | D:2      | Found a shimmering blue altar of Sif Muna.
  2484 | D:2      | Found a stormy altar of Qazlal.
  2492 | D:2      | Found a broken altar of Ashenzari.
  2807 | D:3      | Reached skill level 1 in Conjurations
  2807 | D:3      | Reached skill level 1 in Hexes
  2807 | D:3      | Reached skill level 1 in Summonings
  2807 | D:3      | Reached skill level 1 in Necromancy
  2807 | D:3      | Reached skill level 1 in Translocations
  2807 | D:3      | Reached skill level 1 in Transmutations
  2807 | D:3      | Reached skill level 1 in Fire Magic
  2807 | D:3      | Reached skill level 1 in Air Magic
  2807 | D:3      | Reached skill level 1 in Earth Magic
  2807 | D:3      | Reached skill level 1 in Poison Magic
  3129 | D:3      | Reached XP level 5. HP: 16/37 MP: 9/12
  4201 | D:4      | Found a staircase to the Ecumenical Temple.
  4313 | D:4      | Found a glowing drain.
  4317 | D:4      | Reached XP level 6. HP: 18/44 MP: 6/13
  4325 | Sewer    | Entered a sewer
  4540 | Sewer    | Noticed a water moccasin
  4556 | Sewer    | Killed a water moccasin
  4557 | Sewer    | Reached skill level 5 in Dodging
  5049 | D:4      | Reached XP level 7. HP: 50/50 MP: 8/15
  5830 | D:4      | Noticed Sigmund
  5836 | D:4      | Found a white marble altar of Elyvilon.
  5842 | D:4      | Killed Sigmund
  5843 | D:4      | Reached skill level 5 in Stealth
  5996 | D:5      | Entered Level 5 of the Dungeon
  6027 | D:5      | Reached XP level 8. HP: 24/57 MP: 10/16
  6831 | D:5      | Found a glowing silver altar of Zin.
  7494 | D:6      | Noticed Maggie
  7499 | D:6      | Noticed Grinder
  7506 | D:6      | Killed Maggie
  7523 | D:6      | Killed Grinder
  7524 | D:6      | Reached XP level 9. HP: 56/65 MP: 18/18
  8325 | D:6      | Noticed Eustachio
  8346 | D:6      | Killed Eustachio
  8365 | D:6      | Noticed Duvessa
  8365 | D:6      | Noticed Dowan
  8380 | D:6      | Killed Duvessa
  8385 | D:6      | Killed Dowan
  8942 | D:7      | Found an opulent altar of Gozag.
  9167 | D:7      | Found a transporter.
  9172 | D:7      | Found a transporter.
  9172 | D:7      | Noticed Borgoz's ghost (novice GrBe)
  9536 | D:7      | Reached skill level 5 in Invocations
  9600 | D:7      | Killed Borgoz's ghost
  9601 | D:7      | Reached XP level 10. HP: 27/73 MP: 13/20
  9931 | D:8      | Found an iron altar of Okawaru.
  9939 | D:8      | Found an ancient bone altar of Kikubaaqudgha.
 10055 | D:8      | Got a slimy leather armour
 10066 | D:8      | Identified the cursed +1 leather armour of Insatiable
                  | Hunger {rElec} (You found it on level 8 of the Dungeon)
 10131 | D:8      | Reached skill level 5 in Fighting
 10131 | D:8      | Reached skill level 5 in Short Blades
 10131 | D:8      | Reached skill level 5 in Long Blades
 10131 | D:8      | Reached skill level 5 in Axes
 10131 | D:8      | Reached skill level 5 in Maces & Flails
 10131 | D:8      | Reached skill level 5 in Polearms
 10131 | D:8      | Reached skill level 5 in Staves
 10131 | D:8      | Reached skill level 5 in Slings
 10131 | D:8      | Reached skill level 5 in Bows
 10131 | D:8      | Reached skill level 5 in Crossbows
 10131 | D:8      | Reached skill level 5 in Throwing
 10131 | D:8      | Reached skill level 5 in Armour
 10131 | D:8      | Reached skill level 5 in Shields
 10131 | D:8      | Reached skill level 5 in Unarmed Combat
 10131 | D:8      | Reached skill level 5 in Evocations
 10620 | D:8      | Found Ytikaug's General Store.
 10723 | D:8      | Noticed Joseph
 10743 | D:8      | Killed Joseph
 11778 | D:9      | Found a staircase to the Orcish Mines.
 12079 | D:9      | Found a radiant altar of Vehumet.
 12386 | D:9      | Found Xuaduc's Distillery.
 12403 | D:9      | Bought a potion of heal wounds for 65 gold pieces
 12437 | D:9      | Got a thick robe
 12448 | D:9      | Identified the +2 robe of Trial and Error {Rampage rF+
                  | Dex-5 Slay+3} (You found it on level 9 of the Dungeon)
 12542 | D:9      | Found a shimmering altar of Xom.
 12542 | D:9      | Found a shimmering altar of Xom.
 12542 | D:9      | Found a shimmering altar of Xom.
 12542 | D:9      | Found a shimmering altar of Xom.
 12543 | D:9      | Found a shimmering altar of Xom.
 12543 | D:9      | Found a shimmering altar of Xom.
 12543 | D:9      | Found a shimmering altar of Xom.
 12543 | D:9      | Found a shimmering altar of Xom.
 12544 | D:9      | Found a shimmering altar of Xom.
 12784 | D:10     | Entered Level 10 of the Dungeon
 13312 | D:10     | Reached XP level 11. HP: 42/81 MP: 19/22
 13487 | D:10     | Found a staircase to the Lair.
 13538 | D:10     | Reached skill level 5 in Conjurations
 13538 | D:10     | Reached skill level 5 in Hexes
 13538 | D:10     | Reached skill level 5 in Summonings
 13538 | D:10     | Reached skill level 5 in Necromancy
 13538 | D:10     | Reached skill level 5 in Translocations
 13538 | D:10     | Reached skill level 5 in Transmutations
 13538 | D:10     | Reached skill level 5 in Fire Magic
 13538 | D:10     | Reached skill level 5 in Air Magic
 13538 | D:10     | Reached skill level 5 in Earth Magic
 13538 | D:10     | Reached skill level 5 in Poison Magic
 13874 | D:10     | Paralysed by a hornet for 3 turns
 13879 | D:10     | Paralysed by a hornet for 2 turns
 13886 | D:10     | Paralysed by a hornet for 3 turns
 14274 | D:10     | Noticed a six-headed hydra
 14286 | D:10     | Killed a six-headed hydra
 15343 | D:11     | Noticed a two-headed ogre
 15352 | D:11     | Killed a two-headed ogre
 15457 | D:11     | Noticed a manticore
 15468 | D:11     | Killed a manticore
 15550 | D:11     | Noticed a green ugly thing
 15645 | D:11     | Killed a green ugly thing
 16103 | D:11     | Noticed a boulder beetle
 16126 | D:11     | Killed a boulder beetle
 16255 | D:11     | Found a runed translucent gate.
 16256 | D:11     | Found a runed translucent gate.
 16256 | D:11     | Found a runed translucent gate.
 16258 | D:11     | Noticed sixsigma's ghost (journeyman GnCj)
 16260 | D:11     | Found a viscous altar of Jiyva.
 16302 | D:11     | Killed sixsigma's ghost
 16303 | D:11     | Reached XP level 12. HP: 30/89 MP: 24/24
 16771 | Temple   | Entered the Ecumenical Temple
 16782 | Temple   | Became a worshipper of Uskayaw the Reveller
 16960 | D:11     | Noticed a two-headed ogre
 16965 | D:11     | Reached * piety under Uskayaw
 16969 | D:11     | Reached ** piety under Uskayaw
 16971 | D:11     | Reached *** piety under Uskayaw
 16973 | D:11     | Killed a two-headed ogre
 16973 | D:11     | Reached **** piety under Uskayaw
 17210 | D:11     | Reached ***** piety under Uskayaw
 17385 | D:12     | Noticed a two-headed ogre
 17401 | D:12     | Killed a two-headed ogre
 17661 | D:12     | Noticed a centaur warrior
 17676 | D:12     | Killed a centaur warrior
 17683 | D:12     | Reached ****** piety under Uskayaw
 17767 | D:12     | Got a pair of slimy gloves
 17778 | D:12     | Identified the +1 pair of gloves "Etzecerch" {Str+4} (You
                  | found it on level 12 of the Dungeon)
 17939 | D:12     | Learned a level 5 spell: Bolt of Magma
 17944 | D:12     | Noticed a two-headed ogre
 18875 | D:12     | Noticed a boulder beetle
 18906 | D:12     | Killed a boulder beetle
 19161 | D:12     | Reached XP level 13. HP: 98/98 MP: 19/26
 19277 | D:12     | Got a buzzing dagger
 19278 | D:12     | Identified the +9 dagger of Resourcefulness {freeze, +Blink
                  | rF+} (You found it on level 12 of the Dungeon)
 19533 | D:12     | Gained mutation: You tend to lose your temper in combat.
                  | [potion of mutation]
 19533 | D:12     | Gained mutation: You have sharp toenails. [potion of
                  | mutation]
 19533 | D:12     | Gained mutation: You expend magic power (3 MP) to
                  | strengthen your wands. [potion of mutation]
 19533 | D:12     | Gained mutation: Your system is resistant to poisons.
                  | (rPois) [potion of mutation]
 19534 | D:12     | Lost mutation: You have sharp toenails. [potion of
                  | mutation]
 19534 | D:12     | Lost mutation: Your system is resistant to poisons. (rPois)
                  | [potion of mutation]
 19534 | D:12     | Lost mutation: You tend to lose your temper in combat.
                  | [potion of mutation]
 19534 | D:12     | Gained mutation: You are somewhat resistant to further
                  | mutation. [potion of mutation]
 19534 | D:12     | Gained mutation: You have a somewhat thin skeletal
                  | structure. (Dex +2, Stealth) [potion of mutation]
 19534 | D:12     | Gained mutation: Your system is resistant to poisons.
                  | (rPois) [potion of mutation]
 19576 | D:13     | Noticed a ghoul
 19615 | D:13     | Noticed a ghoul
 19649 | D:13     | Killed a ghoul
 19747 | D:13     | Mangled by a ghoul

Illustrated notes

Levels and vault maps discovered:
D:1:      saegor_arrival_simple_c, layout_basic, nrook_uturn
D:2:      layout_basic, nicolae_overflow_hidden_temple, minitemple,
          chequers_ecumenical_altar_simple_redux, serial_bayou,
          serial_bayou_shore_b, serial_bayou_pond_d, serial_bayou_pond_b,
          serial_bayou_pond_d
D:3:      layout_rooms, wander_ebering_terrifying_dragon_lair
D:4:      layout_basic, elyvilon_altar_4, minmay_temple_entry_from_below_b,
          portal_sewer_entry_d, minmay_diced_spiral, uniq_sigmund
D:5:      layout_loops_ring, basic_altar, hangedman_abyss_or_decor_slice,
          grunt_ministairs_14
D:6:      layout_loops_ring, uniq_eustachio, uniq_maggie, uniq_grinder,
          uniq_duvessa
D:7:      layout_cave_pools, grunt_gozag_statues, gammafunk_ghost_hive
D:8:      layout_cave_pods, grunt_temple_overflow_open, serial_shops,
          kennysheep_mini_moat, uniq_joseph
D:9:      layout_basic, xom_shifter_show, vehumet_statue, david_orc_3,
          serial_shops, nicolae_shop_stone
D:10:     minmay_razor_zed, layout_cave_pods, grunt_lair_entry_orc_guard_hut
D:11:     layout_long_grid, gammafunk_ghost_ooze, kennysheep_generic_room_11
D:12:     layout_roguey
D:13:     layout_rooms, erik_vaults_2, special_room [special_room_bee],
          serial_undead, serial_undead_d, serial_undead_f, serial_undead_a,
          serial_undead_f, serial_undead_a, serial_undead_b
Temple:   compressed_dpeg_triangle_lava_temple

Skill      XL: |  1  2  3  4  5  6  7  8  9 10 11 12 13 |
---------------+----------------------------------------+-----
Spellcasting   | 5 6 7 8 9 |  9.6
Invocations    | 1 2 3 4 5 6 7 8 9 |  9.0
Fighting       | 1 2 3 4 5 6 7 8 |  8.2
Short Blades   | 1 2 3 4 5 6 7 8 |  8.2
Long Blades    | 1 2 3 4 5 6 7 8 |  8.2
Axes           | 1 2 3 4 5 6 7 8 |  8.2
Maces & Flails | 1 2 3 4 5 6 7 8 |  8.2
Polearms       | 1 2 3 4 5 6 7 8 |  8.2
Staves         | 1 2 3 4 5 6 7 8 |  8.2
Slings         | 1 2 3 4 5 6 7 8 |  8.2
Bows           | 1 2 3 4 5 6 7 8 |  8.2
Crossbows      | 1 2 3 4 5 6 7 8 |  8.2
Throwing       | 1 2 3 4 5 6 7 8 |  8.2
Armour         | 1 2 3 4 5 6 7 8 |  8.2
Shields        | 1 2 3 4 5 6 7 8 |  8.2
Unarmed Combat | 1 2 3 4 5 6 7 8 |  8.2
Evocations     | 1 2 3 4 5 6 7 8 |  8.2
Conjurations   | 1 2 3 4 5 6 |  6.8
Hexes          | 1 2 3 4 5 6 |  6.8
Summonings     | 1 2 3 4 5 6 |  6.8
Necromancy     | 1 2 3 4 5 6 |  6.8
Translocations | 1 2 3 4 5 6 |  6.8
Transmutations | 1 2 3 4 5 6 |  6.8
Fire Magic     | 1 2 3 4 5 6 |  6.8
Air Magic      | 1 2 3 4 5 6 |  6.8
Earth Magic    | 1 2 3 4 5 6 |  6.8
Poison Magic   | 1 2 3 4 5 6 |  6.8
Dodging        | 5 6 7 8 9 |  9.4
Stealth        | 5 6 7 8 9 |  9.3
Ice Magic      | 8 9 |  9.9

Action                   |  1- 3 |  4- 6 |  7- 9 | 10-12 | 13-15 || total
-------------------------+-------+-------+-------+-------+-------++-------
Melee: Dagger            |   116 |   107 |       |       |    66 ||   289
       Bite              |    11 |    16 |    38 |    72 |    11 ||   148
       Hand axe          |       |    47 |   277 |   306 |       ||   630
       Punch             |       |     2 |     3 |    23 |     5 ||    33
       Trident           |       |       |       |   364 |     4 ||   368
       Unarmed           |       |       |       |    21 |       ||    21
Throw: Javelin           |       |     2 |    16 |    15 |     6 ||    39
       Dart              |       |     2 |    16 |     9 |       ||    27
       Boomerang         |       |       |       |       |     3 ||     3
 Cast: Freeze            |    14 |     8 |       |    11 |       ||    33
       Frozen Ramparts   |     1 |    10 |    23 |    63 |    10 ||   107
       Ozocubu's Armour  |     1 |     7 |    14 |    51 |     9 ||    82
       Summon Ice Beast  |       |       |       |     7 |       ||     7
Invok: Grand Finale      |       |       |       |     1 |       ||     1
  Use: Potion            |       |     1 |       |       |     8 ||     9
       Scroll            |       |       |       |    25 |     1 ||    26
 Stab: Sleeping          |     9 |     6 |    11 |     9 |       ||    35
       Invisible         |       |       |     3 |     1 |       ||     4
       Distracted        |       |       |     1 |     3 |       ||     4
       Paralysed         |       |       |       |    24 |     7 ||    31
Armor: Robe              |    28 |    36 |    17 |       |       ||    81
       Steam dragon scal |       |       |    30 |   280 |    26 ||   336
Dodge: Dodged            |    90 |   142 |   247 |   625 |    62 ||  1166
